 Dungeon Crawl Stone Soup version 0.24.1-4-ge52af88ad5 (webtiles) character file.

Game seed: 4530541065427825617, levelgen mode: deterministic

1701 Curus the Grappler (level 8, -2/78 HPs)
             Began as a Troll Monk on Apr 18, 2020.
             Slain by a slave (6 damage)
             ... led by Pikel
             ... on level 6 of the Dungeon.
             The game lasted 00:24:59 (4405 turns).

Curus the Grappler (Troll Monk)                     Turns: 4405, Time: 00:24:59

Health: -2/78      AC:  4    Str: 25    XL:     8   Next: 73%
Magic:  7/7        EV: 11    Int: 11    God:
Gold:   411        SH:  0    Dex: 13    Spells: 7/7 levels left

rFire    + . .     SeeInvis .     - Unarmed
rCold    + . .     Gourm    +   (no shield)
rNeg     + . .     Faith    .   d - +2 robe {rN+}
rPois    .         Spirit   .   (helmet restricted)
rElec    .         Reflect  .   c - scarf {rC+ rF+}
rCorr    .         Harm     .   (gloves unavailable)
MR       .....                  (boots unavailable)
Stlth    ++........             f - amulet of rage
HPRegen  0.63/turn              j - ring of wizardry
MPRegen  0.10/turn              t - +4 ring of intelligence

@: mighty, corroded
A: large, unfitting armour, claws 3, fast metabolism 3, gourmand, regeneration
1, shaggy fur 1, tough skin 3
a: Evoke Berserk Rage


You were on level 6 of the Dungeon.
You were completely stuffed.

You visited 2 branches of the dungeon, and saw 7 of its levels.

You collected 411 gold pieces.

Inventory:

Armour
 a - a +0 robe
 c - a scarf of resistance (worn)
 d - a +2 robe of positive energy (worn)
 r - a scarf of cloud immunity
 v - a +2 robe of magic resistance
Jewellery
 f - an amulet of rage (around neck)
 j - a ring of wizardry (left claw)
 n - an uncursed amulet of the acrobat
 p - the amulet of Jealousy {RegenMP *Drain rPois Str+3 SInv}
   (You acquired it on level 5 of the Dungeon)

   [amulet of magic regeneration]

   It increases your magic regeneration.
   It affects your strength (+3).
   It protects you from poison.
   It lets you see invisible.
   It causes draining when unequipped.
 q - an uncursed amulet of guardian spirit
 t - a +4 ring of intelligence (right claw)
Wands
 o - a wand of acid (8)
 u - a wand of flame (4)
 w - a wand of disintegration (8)
Scrolls
 g - 4 scrolls of teleportation
 h - 6 scrolls of identify
 i - 2 scrolls of amnesia
 l - a scroll of enchant weapon
Potions
 e - 2 potions of mutation
 k - a potion of might
 m - 3 potions of curing
Comestibles
 b - 10 rations
 s - a chunk of flesh


   Skills:
 + Level 4.0 Fighting
 + Level 4.0 Dodging
 - Level 1.0 Stealth
 - Level 10.1 Unarmed Combat


You had 7 spell levels left.
You didn't know any spells.
Your spell library contained the following spells:

 Spells                   Type           Power        Failure   Level  Hunger
 Confusing Touch          Hex            #.....       14%         1    ##.....
 Confuse                  Hex            #.......     38%         3    ####...
 Gell's Gravitas          Tloc           #.........   38%         3    ####...
 Petrify                  Tmut/Erth      #.......     77%         4    #####..
 Metabolic Englaciation   Hex/Ice        #.........   98%         5    ######.
 Yara's Violent Unravell  Hex/Tmut       #.........   98%         5    ######.


Dungeon Overview and Level Annotations

Branches:
Dungeon (6/15)             Temple (1/1) D:6

Altars:
Ashenzari
Cheibriados
Dithmenos
Elyvilon
Fedhas
Gozag
Hepliaklqana
Kikubaaqudgha
Makhleb
Nemelex Xobeh
Okawaru
Qazlal
Ru
Sif Muna
Trog
Uskayaw
Vehumet
Wu Jian
Xom
Yredelemnul
Zin
The Shining One

Shops:
D:6 %

Annotations:
D:6 Pikel


Innate Abilities, Weirdness & Mutations

You are too large for most types of armour.
You have claws for hands.
Your metabolism is lightning-fast.
You like to eat raw meat.
Your natural rate of healing is unusually fast.
You are covered in fur. (AC +1)
You have extremely tough skin. (AC +3)


Message History

You miss Pikel.
Pikel is moderately wounded.
Pikel zaps a wand.
The bolt of acid hits you!
You are splashed with acid!
You feel very mighty all of a sudden. The slave hits you!
* * * LOW HITPOINT WARNING * * *
Pikel barely misses you. The slave closely misses you.
You miss Pikel.
Pikel is moderately wounded.
The slave hits you.
* * * LOW HITPOINT WARNING * * *
The slave hits you.
* * * LOW HITPOINT WARNING * * *
Unknown command.
You scratch Pikel.
Pikel is heavily wounded.
Pikel barely misses you. The slave hits you!
* * * LOW HITPOINT WARNING * * *
The slave closely misses you. The slave hits you.
You die...

..#######.....#
....#..##.....#.....#
....#.........#.....#
....#.........#...).#
....#.........#.....#
....#.........#.....#
....#.........#.....#
....#.........#pKp..#
....#.........#p@...#
....#.........#.....#
....#.........#.....#
....#.........#.....#
....#.........#.....#
....#.........#.....#
....#.........#.....#
....#.........#.....#
....#..##.....##....#


You could see Pikel and 3 slaves.

Vanquished Creatures
  Grinder (D:6)
  Menkaure (D:6)
  Duvessa (D:6)
  2 orc warriors (D:6)
  A necrophage (D:6)
  A slave (D:6)
  2 ogres
  Blork the orc (D:6)
  A bullfrog (D:6)
  Dowan (D:6)
  2 crimson imps
  A jelly (D:6)
  An orc priest (D:6)
  2 hounds
  3 orc wizards (D:6)
  A bullfrog skeleton (D:6)
  Jessica (D:2)
  3 worker ants
  A hound skeleton (D:6)
  Robin (D:2)
  11 adders
  A shadow imp (D:6)
  An ooze (D:5)
  2 worms
  4 dart slugs
  7 leopard geckos
  11 orcs
  8 bats
  3 giant cockroaches
  16 goblins
  11 hobgoblins
  3 jackals (D:5)
  3 ball pythons
  7 frilled lizards
  A jackal skeleton (D:4)
  7 kobolds
  7 rats
131 creatures vanquished.

Notes
Turn   | Place    | Note
-------+----------+-------------------------------------------
     0 | D:1      | Curus the Troll Monk began the quest for the Orb.
     0 | D:1      | Reached XP level 1. HP: 22/22 MP: 0/0
   100 | D:1      | Reached XP level 2. HP: 29/29 MP: 1/1
   222 | D:1      | Reached skill level 4 in Unarmed Combat
   463 | D:2      | Noticed Jessica
   464 | D:2      | Reached XP level 3. HP: 36/36 MP: 2/2
   467 | D:2      | Killed Jessica
   768 | D:2      | Reached XP level 4. HP: 44/44 MP: 3/3
   776 | D:2      | Reached skill level 5 in Unarmed Combat
   985 | D:2      | Noticed Robin
  1025 | D:2      | Killed Robin
  1210 | D:2      | Reached XP level 5. HP: 50/50 MP: 4/4
  1975 | D:4      | Noticed an ogre
  1983 | D:4      | Killed an ogre
  1983 | D:4      | Reached skill level 6 in Unarmed Combat
  2425 | D:4      | Reached XP level 6. HP: 59/59 MP: 5/5
  2525 | D:5      | Entered Level 5 of the Dungeon
  2546 | D:5      | Reached skill level 7 in Unarmed Combat
  3435 | D:5      | Identified a scroll of acquirement
  3436 | D:5      | Got a transparent ruby amulet
  3469 | D:5      | Identified the amulet of Jealousy {RegenMP *Drain rPois
                  | Str+3 SInv} (You acquired it on level 5 of the Dungeon)
  3473 | D:6      | Found Yhuuh's Food Shoppe.
  3479 | D:6      | Reached skill level 8 in Unarmed Combat
  3479 | D:6      | Reached XP level 7. HP: 66/66 MP: 6/6
  3688 | D:6      | Noticed Duvessa
  3689 | D:6      | Noticed Dowan
  3699 | D:6      | Killed Dowan
  3699 | D:6      | Reached skill level 9 in Unarmed Combat
  3701 | D:6      | Killed Duvessa
  3838 | D:6      | Noticed Menkaure
  3841 | D:6      | Killed Menkaure
  3841 | D:6      | Reached XP level 8. HP: 74/74 MP: 7/7
  3927 | D:6      | Reached skill level 10 in Unarmed Combat
  3973 | D:6      | Noticed Grinder
  3997 | D:6      | Killed Grinder
  4012 | D:6      | Found a burning altar of Makhleb.
  4078 | D:6      | Noticed Blork the orc
  4083 | D:6      | Killed Blork the orc
  4096 | D:6      | Found a staircase to the Ecumenical Temple.
  4105 | Temple   | Entered the Ecumenical Temple
  4394 | D:6      | Noticed Pikel
  4405 | D:6      | Slain by a slave

Levels and vault maps discovered:
D:1:      minmay_arrival_diagonal_passages, layout_basic
D:2:      kennysheep_six_static_rooms, layout_loops_cross, first_ration,
          uniq_jessica, uniq_robin
D:3:      layout_basic, minmay_close_crescents
D:4:      layout_basic
D:5:      lemuel_ice_spiral_2, layout_basic, saegor_snake_ambush
D:6:      layout_gridville, makhleb_blood_cavern_becter, temple_hall,
          serial_shops, shop, uniq_duvessa, uniq_eustachio, uniq_blork_the_orc,
          uniq_grinder, uniq_menkaure, uniq_pikel, uniq_sigmund
Temple:   grunt_wide_crystal_templ

Skill      XL: |  1  2  3  4  5  6  7  8 |
---------------+-------------------------+-----
Unarmed Combat | 4 5 6 8 9 10 | 10.1
Fighting       | 4 |  4.0
Dodging        | 4 |  4.0
Stealth        | |  1.0

Action                   |  1- 3 |  4- 6 |  7- 9 || total
-------------------------+-------+-------+-------++-------
Melee: Unarmed           |    77 |   167 |   112 ||   356
       Punch             |     3 |     5 |     8 ||    16
 Abil: Evoke Berserk Rag |       |     1 |       ||     1
Evoke: Wand              |       |       |     1 ||     1
  Use: Scroll            |     5 |     7 |       ||    12
       Potion            |     1 |     6 |     2 ||     9
 Stab: Sleeping          |     6 |     8 |       ||    14
       Distracted        |     1 |     1 |       ||     2
  Eat: Chunk             |    13 |    24 |    10 ||    47
Armor: Robe              |    31 |    73 |    41 ||   145
Dodge: Dodged            |    30 |    74 |    60 ||   164
